AoeStats
← Elgato8153

Oasis

510214861Analyzed
3v3 RM · 2d ago on Sep 30, 2026· 44m 45s· 6 players
Game mode
Random Map
Map size
Normal (6 player)
Population
200
Speed
Normal
Resources
Standard
Victory
Conquest
Starting age
Dark Age
Ending age
Imperial Age
RankedLock teamsTeams togetherTeam positionsShared explorationLock speedFull tech treeHidden civsTurbo modeCheats
Victory
Defeat
🇪🇸 Lithuanians · Spain
1062
+13
🇦🇷 Khmer · Argentina
1050
+14
🇦🇷 Varangians · Argentina
1013
+16
🇺🇾 Persians · Uruguay
1067
-17
🇺🇾 Maya · Uruguay
1008
-14
🇺🇾 Chinese · Uruguay
942
-12
sufran_
4:59 Loom
9:00 Feudal Age
9:42 Double-Bit Axe
15:20 Horse Collar
21:08 Castle Age
20:09 Bloodlines
20:05 Scale Barding Armor
20:33 Gold Mining
21:39 Husbandry
23:10 Bow Saw
25:12 Forging
27:52 Heavy Plow
28:37 Chain Barding Armor
31:47 Iron Casting
32:16 Stone Mining
38:25 Gold Shaft Mining
41:19 Imperial Age
38:35 Town Watch
40:49 Wheelbarrow
40:42 Scale Mail Armor
40:05 Pikeman
40:45 Squires
40:59 Halberdier
41:01 Cavalier
42:08 Chain Mail Armor
42:53 Blast Furnace
41:30 Sappers
42:38 Hoardings
42:02 Heavy Camel Rider
44:40 Plate Mail Armor
Magallanes
0:28 Loom
11:01 Feudal Age
11:38 Double-Bit Axe
20:07 Gold Mining
20:43 Fletching
20:54 Padded Archer Armor
26:22 Castle Age
24:18 Stone Mining
26:52 Scale Mail Armor
27:03 Forging
27:10 Thumb Ring
27:50 Squires
28:20 Pikeman
45:02 Bow Saw
MUERTOMAGICO_GG
0:27 Loom
10:35 Feudal Age
11:23 Double-Bit Axe
14:26 Gold Mining
15:34 Horse Collar
16:47 Town Watch
17:05 Fletching
18:25 Padded Archer Armor
21:42 Castle Age
23:14 Bodkin Arrow
24:28 Bow Saw
25:10 Wheelbarrow
24:15 Crossbowman
25:01 Thumb Ring
25:25 Heavy Plow
26:15 Stone Mining
29:27 Ballistics
33:32 Murder Holes
33:58 Leather Archer Armor
36:47 Imperial Age
35:05 Hand Cart
36:56 Hul'che Javelineers
36:21 Elite Skirmisher
38:37 Crop Rotation
39:19 Two-Man Saw
39:15 Conscription
40:03 Hoardings
41:02 Bracer
41:29 Masonry
45:46 Chemistry
45:18 Architecture
bananon1501915
11:01 Feudal Age
11:15 Loom
23:10 Castle Age
28:50 Forging
32:49 Gambesons
33:05 Squires
33:52 Iron Casting
35:16 Double-Bit Axe
35:13 Horse Collar
37:24 Scale Barding Armor
37:22 Scale Mail Armor
40:36 Stone Mining
40:41 Gold Mining
40:54 Heavy Plow
41:06 Bow Saw
42:38 Chain Barding Armor
44:09 Chain Mail Armor
Elgato8153
7:22 Loom
12:16 Feudal Age
16:26 Castle Age
16:03 Double-Bit Axe
16:01 Horse Collar
19:31 Coinage
20:52 Wheelbarrow
20:20 Town Watch
22:17 Heavy Plow
23:44 Padded Archer Armor
24:10 Fletching
25:01 Scale Mail Armor
24:25 Pikeman
25:07 Squires
25:49 Elite Skirmisher
27:15 Leather Archer Armor
26:57 Bodkin Arrow
28:22 Chain Mail Armor
29:13 Forging
30:48 Hand Cart
31:00 Stone Mining
31:03 Gold Mining
31:26 Bow Saw
34:26 Stone Shaft Mining
34:30 Iron Casting
36:42 Imperial Age
34:16 Town Patrol
34:39 Scale Barding Armor
37:21 Ballistics
36:42 Treadmill Crane
37:13 Masonry
36:58 Murder Holes
38:35 Chemistry
37:17 Treadmill Crane
37:47 Masonry
37:32 Murder Holes
38:56 Ring Archer Armor
38:26 Bracer
38:41 Guilds
39:01 Banking
38:31 Caravan
39:06 Conscription
38:50 Tower Shields
41:22 Hoardings
43:36 Chain Barding Armor
ManuJejox
7:33 Loom
10:38 Feudal Age
17:42 Castle Age
16:29 Bloodlines
16:18 Double-Bit Axe
16:17 Horse Collar
18:22 Stone Mining
18:25 Gold Mining
18:48 Bow Saw
21:43 Husbandry
22:14 Scale Barding Armor
24:07 Elite Skirmisher
25:26 Fletching
25:37 Padded Archer Armor
26:25 Wheelbarrow
26:27 Forging
27:13 Chain Barding Armor
31:59 Gold Shaft Mining
31:51 Heavy Plow
33:55 Iron Casting
33:36 Leather Archer Armor
33:16 Bodkin Arrow
36:38 Imperial Age
34:56 Tusk Swords
37:46 Conscription
38:28 Hand Cart
38:53 Light Cavalry
41:51 Plate Barding Armor
42:17 Blast Furnace
41:13 Bodkin Arrow
41:19 Elite Battle Elephant
41:46 Hussar
Connection lost

Rejoining the realm…

Still unreachable

The connection could not be restored.

Session expired

The server has moved on; the page needs a fresh start.